 Dungeon Crawl Stone Soup version 0.27-a0-668-gb5737ff2c0 (webtiles) character file.

Game seed: 12956451503540951773

42 rageheart7 the Skirmisher (level 3, -2/34 HPs)
             Began as a Deep Dwarf Fighter on Mar 18, 2021.
             Slain by a river rat (6 damage)
             ... on level 4 of the Dungeon.
             The game lasted 00:01:16 (695 turns).

rageheart7 the Skirmisher (Deep Dwarf Fighter)       Turns: 695, Time: 00:01:17

Health: -2/34      AC:  6    Str: 20    XL:     3   Next: 33%
Magic:  2/2        EV:  7    Int:  8    God:
Gold:   73         SH:  9    Dex: 12    Spells: 2/2 levels left

rFire    . . .     SeeInvis .   a - +0 war axe
rCold    . . .     Faith    .   c - +0 kite shield
rNeg     . . .     Spirit   .   b - +0 scale mail
rPois    .         Reflect  .   (no helmet)
rElec    .         Harm     .   (no cloak)
rCorr    .         Rampage  .   (no gloves)
Will     .....                  (no boots)
Stlth    ..........             (no amulet)
HPRegen  0.00/turn              (no ring)
MPRegen  0.08/turn              (no ring)

@: non-regenerating, very slow
A: damage resistance, heal wounds, sense surroundings 1, no regeneration
a: Heal Wounds


You were on level 4 of the Dungeon.
You visited 1 branch of the dungeon, and saw 3 of its levels.

You collected 73 gold pieces.

Inventory:

Hand Weapons
 a - a +0 war axe (weapon)
Armour
 b - a +0 scale mail (worn)
 c - a +0 kite shield (worn)
Jewellery
 h - an amulet of reflection
Scrolls
 e - a scroll of identify {unknown}
 g - 2 scrolls of summoning {unknown}
Potions
 d - a potion of might
 f - 3 potions of degeneration {unknown}


   Skills:
 * Level 3.5 Fighting
 * Level 3.2 Axes
 - Level 3.2 Armour
 - Level 3.2 Shields


You had 2 spell levels left.
You didn't know any spells.
Your spell library contained the following spells:

 Spells                   Type           Power      Damage    Failure   Level
 Sandblast                Erth           0%         2d4       99%         1
 Passwall                 Tmut/Erth      0%         N/A       100%        2
 Stone Arrow              Conj/Erth      0%         3d7       100%        3
 Petrify                  Tmut/Erth      0%         N/A       100%        4
 Lee's Rapid Deconstruct  Erth           0%         3d5*      100%        5


Dungeon Overview and Level Annotations

Branches:
Dungeon (2/15)

Altars:

Portals:
Sewer: D:4


Innate Abilities, Weirdness & Mutations

You are resistant to damage.
You can heal yourself by infusing magical energy.
You passively map a small area around you.
You do not regenerate.


Message History

You hit the river rat.
The river rat is moderately wounded.
You hit the giant cockroach.
You kill the giant cockroach!
You closely miss the river rat. The river rat barely misses you.
The river rat bites you.
Unknown command.
You closely miss the river rat.
The river rat is moderately wounded.
You hit the river rat. The river rat bites you.
You block the river rat's attack. The river rat barely misses you.
The river rat bites you.
* * * LOW HITPOINT WARNING * * *
Your unstable footing causes you to fumble your attack.
The river rat bites you but does no damage.
You block the river rat's attack. x2
The river rat twitches its whiskers.
The river rat closely misses you.
You closely miss the river rat.
The river rat is moderately wounded.
You hit the river rat but do no damage. You block the river rat's attack.
The river rat completely misses you.
Your unstable footing causes you to fumble your attack.
The river rat bites you.
* * * LOW HITPOINT WARNING * * *
You block the river rat's attack. The river rat barely misses you.
The river rat bites you.
Your unstable footing causes you to fumble your attack.
You block the river rat's attack.
The river rat bites you but does no damage.
Your unstable footing causes you to fumble your attack.
The river rat bites you. You block the river rat's attack. x2
The river rat barely misses you.
You closely miss the river rat.
The river rat is moderately wounded.
You barely miss the river rat. You block the river rat's attack.
The river rat barely misses you. x2; You block the river rat's attack.
Your unstable footing causes you to fumble your attack.
The river rat bites you!
You die...

, ,...#.......... ,
,............... *
, ...?...........,,
, ,..........#...*
, , , ,
[...........# ### *
#..........#...##
##...≈≈≈.........#
* ,
#...≈≈≈r≈.....#....
,
#...≈≈r@≈.).....#..
....≈≈≈≈†(...##.#
.....≈≈≈.....# ...
, , .............#
*#.# .............#
.. *
.....#.......#* ,
.....########.. * ,
..###* * * .# , *


You could see 2 river rats.

Vanquished Creatures
  An adder (D:2)
  A dart slug (D:1)
  2 leopard geckos (D:1)
  2 giant cockroaches
  6 hobgoblins (D:1)
  3 jackals (D:1)
  A quokka (D:1)
  3 bats (D:1)
  3 frilled lizards (D:1)
  4 kobolds (D:1)
  A rat (D:2)
27 creatures vanquished.

Notes
Turn   | Place    | Note
-------+----------+-------------------------------------------
     0 | D:1      | rageheart7 the Deep Dwarf Fighter began the quest for the
                  | Orb.
     0 | D:1      | Reached XP level 1. HP: 20/20 MP: 1/1
   112 | D:1      | Reached XP level 2. HP: 28/28 MP: 2/2
   509 | D:1      | Reached XP level 3. HP: 23/34 MP: 2/2
   680 | D:2      | You fall into a shaft and drop 2 floors!
   680 | D:4      | Found a glowing drain.
   695 | D:4      | Slain by a river rat

Illustrated notes

Levels and vault maps discovered:
D:1:      dpeg_arrival_long_road, layout_basic, chequers_serial_rivers_micro_b
D:2:      layout_loops_corners, serial_park_tiny_1, serial_park_tiny_1,
          kennysheep_decorative_pillar, okawaru_gym_becter
D:4:      minmay_diamond_boxcup, layout_rooms, minmay_temple_entry_overgrown,
          portal_sewer_entry_a, fedhas_ov_isle_minmay, uniq_menkaure

Skill      XL: |  1  2 |
---------------+-------+-----
Fighting       | 3 |  3.5
Axes           | 3 |  3.2
Armour         | |  3.2
Shields        | |  3.2

Action                   || total
-------------------------++-------
Melee: War axe           ||    73
 Abil: Heal Wounds       ||     1
Armor: Scale mail        ||    34
Dodge: Dodged            ||    30
Block: Kite shield       ||    59

Table legend: (Time is in decaauts)
 A = Elapsed time spent in this place.
 B = Non-inter-level travel time spent in this place.
 C = Inter-level travel time spent in this place.
 D = Time resting spent in this place.
 E = Time spent auto-exploring this place.
 F = Levels seen in this place.
 G = Mean time per level.
                   A        B        C        D        E       F      G
               +--------+--------+--------+--------+--------+-----+--------+
         Total |    740 |    730 |     10 |      0 |    528 |   3 |  246.7 |
       Dungeon |    740 |    730 |     10 |      0 |    528 |   3 |  246.7 |
               +--------+--------+--------+--------+--------+-----+--------+

Top non-repeatable levels by time:
     D:1: 676 daAuts
     D:2: 41 daAuts
     D:4: 21 daAuts
